 Dungeon Crawl Stone Soup version 0.24.0 (webtiles) character file.

Game seed: 16081618279413439381, levelgen mode: deterministic

81105 Mrkan the Peltast (level 15, -5/152 HPs)
             Began as a Troll Monk on Oct 25, 2019.
             Was the Champion of Ru.
             Slain by a sun demon (8 damage)
             ... summoned by an orc high priest
             ... on level 2 of the Orcish Mines.
             The game lasted 01:03:53 (19879 turns).

Mrkan the Peltast (Troll Monk)                     Turns: 19879, Time: 01:03:55

Health: -5/152     AC:  7    Str: 31    XL:     15   Next: 25%
Magic:  14/14      EV: 11    Int: 27    God:    Ru [******]
Gold:   1700       SH: 24    Dex: 21    Spells: 11/14 levels left

rFire    + . .     SeeInvis .     - Unarmed
rCold    + + .     Gourm    +   r - +2 large shield
rNeg     . . .     Faith    .   U - +4 robe of Augmentation {Str+4 Int+4 Dex+4}
rPois    .         Spirit   .   (helmet restricted)
rElec    +         Reflect  .   W - scarf {rC+ rF+}
rCorr    +         Harm     .   (gloves unavailable)
MR       +....                  (boots unavailable)
Stlth    ..........             T - amulet "Becsye" {RegenMP MR+ Dex+5}
HPRegen  0.75/turn              S - ring "Qeikkarph" {*Contam rC+ Str+4 Int+7}
MPRegen  0.39/turn              Q - ring "Wis Rava" {*Contam rCorr Int+5 Slay+4}

@: no status effects
A: large, unfitting armour, claws 3, iridescent scales 1, fast metabolism 3,
gourmand, regeneration 1, shaggy fur 1, electricity resistance, tough skin 3, no
stealth, inability to use devices, no air magic, no conjurations magic, no hexes
magic, reduced AC 1, magic vulnerability 1
a: Draw Out Power, Power Leap, Apocalypse, Renounce Religion


You were on level 2 of the Orcish Mines.
You worshipped Ru.
Ru was exalted by your worship.
You were not hungry.

You visited 3 branches of the dungeon, and saw 23 of its levels.
You also visited: Ossuary, Bailey and Ice Cave.

You collected 1966 gold pieces.
You spent 266 gold pieces at shops.

Inventory:

Hand Weapons
 V - the +7 morningstar of the Boiling Point {flame, Int+5, unknown}
   (You found it on level 6 of the Lair of Beasts)

   It has been specially enchanted to burn those struck by it, causing extra
   injury to most foes and up to half again as much damage against particularly
   susceptible opponents.
   It affects your intelligence (+5).
Missiles
 h - 13 javelins
 O - 6 large rocks (quivered)
Armour
 r - a +2 large shield (worn)
 v - the +4 robe of the Sea {-Tele rElec Str+3 Dex+6}
   (You found it on level 4 of the Dungeon)

   It affects your strength (+3).
   It affects your dexterity (+6).
   It insulates you from electricity.
   It prevents most forms of teleportation.
 U - the +4 robe of Augmentation (worn) {Str+4 Int+4 Dex+4}
   (You found it in an ice cave)

   It affects your strength (+4).
   It affects your intelligence (+4).
   It affects your dexterity (+4).
 W - a scarf of resistance (worn)
Jewellery
 A - a +5 ring of intelligence {unknown}
 Q - the ring "Wis Rava" (right claw) {*Contam rCorr Int+5 Slay+4}
   (You found it on level 11 of the Dungeon)

   [ring of resist corrosion]

   It affects your intelligence (+5).
   It affects your accuracy and damage with ranged weapons and melee attacks
   (+4).
   It causes magical contamination when unequipped.
   It provides partial protection from all sources of acid and corrosion.
 R - the ring of Imuovue {*Corrode rPois MR- Str+6 Int+4 Slay+6}
   (You found it on level 11 of the Dungeon)

   [ring of intelligence]

   It affects your strength (+6).
   It affects your intelligence (+4).
   It affects your accuracy and damage with ranged weapons and melee attacks
   (+6).
   It protects you from poison.
   It affects your resistance to hostile enchantments.
   It may corrode you when you take damage.
 S - the ring "Qeikkarph" (left claw) {*Contam rC+ Str+4 Int+7}
   (You found it on level 11 of the Dungeon)

   [ring of protection from cold]

   It affects your strength (+4).
   It affects your intelligence (+7).
   It protects you from cold.
   It causes magical contamination when unequipped.
 T - the amulet "Becsye" (around neck) {RegenMP MR+ Dex+5}
   (You found it on level 11 of the Dungeon)

   [amulet of magic regeneration]

   It increases your magic regeneration.
   It affects your dexterity (+5).
   It affects your resistance to hostile enchantments.
Scrolls
 c - a scroll of brand weapon {unknown}
 d - a scroll of silence {unknown}
 g - 2 scrolls of fog
 i - a scroll of identify
 j - 3 scrolls of enchant weapon
 l - 9 scrolls of remove curse
 o - 5 scrolls of immolation
 q - 3 scrolls of amnesia
 s - 2 scrolls of blinking {unknown}
 t - 2 scrolls of fear
 w - 8 scrolls of teleportation
 B - 4 scrolls of magic mapping
 H - 3 scrolls of enchant armour
 J - a scroll of summoning {unknown}
 K - a scroll of vulnerability {unknown}
 X - a scroll of torment {unknown}
Potions
 a - 2 potions of agility
 e - 7 potions of lignification
 f - 3 potions of heal wounds
 k - 5 potions of might
 n - a potion of invisibility
 p - 11 potions of curing
 z - 6 potions of haste
 C - 6 potions of mutation
 D - 2 potions of ambrosia
 E - 4 potions of flight
 F - 5 potions of magic
 I - 3 potions of berserk rage
 M - 5 potions of resistance
 Y - 2 potions of brilliance
Comestibles
 b - 41 rations


   Skills:
 + Level 10.9 Fighting
 - Level 10.6 Throwing
 - Level 2.4 Dodging
 - Level 15.0 Shields
 + Level 12.0 Unarmed Combat


You had 11 spell levels left.
You knew the following spells:

 Your Spells              Type           Power        Failure   Level  Hunger
a - Infusion              Chrm           #...         12%         1    ##.....
b - Song of Slaying       Chrm           #.......     19%         2    ###....

Your spell library contained the following spells:

 Spells                   Type           Power        Failure   Level  Hunger
 Beastly Appendage        Tmut           #.....       12%         1    ##.....
 Freeze                   Ice            #...         12%         1    ##.....
 Summon Butterflies       Summ           #.......     12%         1    ##.....
 Summon Small Mammal      Summ           #...         12%         1    ##.....
 Call Imp                 Summ           #.......     19%         2    ###....
 Shroud of Golubria       Chrm/Tloc      #.....       19%         2    ###....
 Sticks to Snakes         Tmut           #.......     19%         2    ###....
 Sublimation of Blood     Necr           #.........   19%         2    ###....
 Call Canine Familiar     Summ           #.......     34%         3    ####...
 Ignite Poison            Fire/Tmut/Pois #.......     34%         3    ####...
 Lesser Beckoning         Tloc           #.........   34%         3    ####...
 Ozocubu's Armour         Chrm/Ice       #.......     34%         3    ####...
 Recall                   Summ/Tloc      N/A          34%         3    ####...
 Regeneration             Chrm/Necr      #.........   34%         3    ####...
 Spider Form              Tmut/Pois      #.........   34%         3    ####...
 Animate Dead             Necr           N/A          75%         4    #####..
 Ice Form                 Ice/Tmut       #.......     75%         4    #####..
 Passage of Golubria      Tloc           N/A          75%         4    #####..
 Petrify                  Tmut/Erth      #.......     75%         4    #####..
 Summon Ice Beast         Ice/Summ       #.......     75%         4    #####..
 Alistair's Intoxication  Tmut/Pois      #.......     97%         5    ######.
 Blade Hands              Tmut           #.........   97%         5    ######.
 Borgnjor's Vile Clutch   Necr/Erth      #.........   97%         5    ######.
 Death Channel            Necr           #.........   100%        6    #######
 Simulacrum               Ice/Necr       #.........   100%        6    #######
 Summon Hydra             Summ           #.........   100%        7    #######
 Corona                   Hex            Unusable     N/A         1    N/A
 Ensorcelled Hibernation  Hex/Ice        Unusable     N/A         2    N/A
 Slow                     Hex            Unusable     N/A         2    N/A
 Throw Frost              Conj/Ice       Unusable     N/A         2    N/A
 Confuse                  Hex            Unusable     N/A         3    N/A
 Dazzling Spray           Conj/Hex       Unusable     N/A         3    N/A
 Inner Flame              Hex/Fire       Unusable     N/A         3    N/A
 Portal Projectile        Hex/Tloc       Unusable     N/A         3    N/A
 Spectral Weapon          Hex/Chrm       Unusable     N/A         3    N/A
 Summon Guardian Golem    Hex/Summ       Unusable     N/A         3    N/A
 Tukima's Dance           Hex            Unusable     N/A         3    N/A
 Cause Fear               Hex            Unusable     N/A         4    N/A
 Force Lance              Conj/Tloc      Unusable     N/A         4    N/A
 Leda's Liquefaction      Hex/Erth       Unusable     N/A         4    N/A
 Summon Lightning Spire   Summ/Air       Unusable     N/A         4    N/A
 Throw Icicle             Conj/Ice       Unusable     N/A         4    N/A
 Irradiate                Conj/Tmut      Unusable     N/A         5    N/A
 Summon Mana Viper        Hex/Summ       Unusable     N/A         5    N/A

Dungeon Overview and Level Annotations

Branches:
Dungeon (15/15)            Temple (0/1) D:6            Lair (6/6) D:10
 Shoals (0/4) Lair:3       Spider (0/4) Lair:3        Slime (0/5) Lair:5
    Orc (2/2) D:12         Vaults (0/5) D:14        Ossuary (visited)
 Bailey (visited)           IceCv (visited)
    Elf: Orc:2       Depths: D:15

Altars:
Cheibriados
Elyvilon
Fedhas
Makhleb
Qazlal
Ru
Sif Muna
Trog
The Shining One
Beogh

Shops:
D:5 *   D:6 (!(   D:14 =

Annotations:
D:11 2 runed translucent doors
D:13 3 runed translucent doors, Wemm's ghost, journeyman SpEn
Lair:2 3 runed translucent doors, Wuvuatt's ghost, journeyman MiBe


Innate Abilities, Weirdness & Mutations

You are too large for most types of armour.
You have claws for hands.
Your metabolism is lightning-fast.
You like to eat raw meat.
Your natural rate of healing is unusually fast.
You are covered in fur. (AC +1)
You have extremely tough skin. (AC +3)
You cannot be stealthy.
You cannot study or use magical devices.
You cannot study or cast Air magic.
You cannot study or cast Conjurations magic.
You cannot study or cast Hexes magic.
You take slightly more damage. (AC -5)
You are slightly vulnerable to magic. (MR-)
You are partially covered in iridescent scales. (AC +2)
You are resistant to electric shocks. (rElec)


Message History

The ogre mage is heavily wounded.
The orc high priest prays to Beogh.
The orc high priest begins to pray, but is stunned by your will!
The ogre mage hits you but does no damage.
You eviscerate the ogre mage!!!
You kill the ogre mage!
The orc high priest no longer looks unusually strong.
The sun demon hits you!!
* * * LOW HITPOINT WARNING * * *
You are engulfed in flames!
You resist.
* * * LOW HITPOINT WARNING * * *
The orc knight roars a battlecry!
The orc high priest goes into a battle-frenzy!
The orc high priest begins to pray, but is stunned by your will!
The neqoxec gestures at you.
Something tries to feed on your intellect!
The sun demon hits you!!
* * * LOW HITPOINT WARNING * * *
You are engulfed in flames!
You resist.
You die...

#$≈§§≈#..#
§≈§...
........##§.....
#.#...........
#.........$#
#.........##
##..oO33...#
##<.oo4####
##.#o33# ###@###
#.# ###


You could see 2 orc knights, 2 orc high priests, a sun demon, an ice devil, a
smoke demon, 2 neqoxecs and an ogre.

Vanquished Creatures
  Nessos (Lair:5)
  Snorg (Lair:4)
  The ghost of Zimaveycw the Spear-Bearer, a journeyman OpFi of Cheibriados (Lair:5)
  4 vault guards (D:14)
  Harold (Lair:1)
  3 catoblepae (Lair:6)
  2 hydras
  5 two-headed ogres
  2 ogre magi
  3 centaur warriors
  2 tengu warriors (D:13)
  14 death yaks
  An unseen horror (shapeshifter) (D:10)
  3 unseen horrors
  Pikel (D:7)
  A necromancer (IceCv)
  An orc sorcerer (D:15)
  5 orc knights (Orc:2)
  A cyclops (D:11)
  6 ugly things
  4 oklob plants (Lair:6)
  2 deep elf magi (D:15)
  3 manticores
  4 ice statues (IceCv)
  Joseph (D:7)
  6 black mambas
  3 gargoyles
  2 torpor snails
  5 elephants
  A spiny frog (shapeshifter) (D:13)
  4 komodo dragons
  8 spiny frogs
  A centaur skeleton (D:12)
  A rime drake (Lair:4)
  9 ice devils
  A queen bee (D:8)
  2 polar bears (D:11)
  6 trolls
  8 blink frogs (Lair:4)
  Prince Ribbit (D:5)
  12 dream sheep (Lair:6)
  A slime creature (Lair:5)
  8 hippogriffs
  2 wyverns
  A vampire (D:15)
  37 yaks
  A shadow (D:11)
  2 wraiths
  6 basilisks
  A steam dragon (D:12)
  3 hungry ghosts
  Menkaure (D:4)
  3 wargs (Orc:2)
  2 acid dragons
  Duvessa (D:5)
  9 porcupines
  12 water moccasins
  2 phantoms
  19 orc warriors
  5 sky beasts
  An eye of draining (D:13)
  7 ice beasts
  4 black bears
  10 ogres
  3 slaves (D:7)
  A necrophage (D:8)
  8 centaurs
  12 crocodiles
  A big kobold (D:8)
  16 bullfrogs
  Blork the orc (D:5)
  2 water moccasin zombies (Ossuary)
  A wyvern skeleton (D:6)
  5 scorpions
  Dowan (D:5)
  A hornet simulacrum (D:14)
  16 killer bees
  4 wights
  5 electric eels (Lair:5)
  7 howler monkeys
  7 crimson imps
  2 bullfrog zombies (D:11)
  5 draconian simulacra (IceCv)
  7 centaur zombies
  6 jellies
  2 quasits
  5 hounds
  13 orc wizards
  14 orc priests
  2 bullfrog skeletons
  11 worker ants
  Natasha (twice) (D:3)
  3 iguanas
  5 hell rats
  2 centaur simulacra (IceCv)
  A hound zombie (D:7)
  3 mummies
  A worker ant zombie (D:5)
  8 adders
  12 gnolls
  A naga simulacrum (IceCv)
  2 ogre simulacra (IceCv)
  11 river rats
  An ooze (D:5)
  2 adder skeletons
  7 adder zombies
  5 worms
  A dart slug (D:1)
  7 leopard geckos
  53 orcs
  3 ball pythons (D:3)
  9 giant cockroaches
  11 goblins
  7 hobgoblins
  16 jackals
  6 kobolds
  6 quokkas
  6 bats
  5 frilled lizards
  4 gnoll zombies (Ossuary)
  A goblin zombie (D:6)
  2 hobgoblin zombies (Ossuary)
  2 kobold zombies (Ossuary)
  A leopard gecko zombie (D:9)
  5 orc zombies
  10 rats
  10 fungi
  5 plants
674 creatures vanquished.

Vanquished Creatures (others)
  2 hydras
  An unseen horror (D:15)
  A black mamba (Lair:3)
  A spiny frog (Lair:3)
  A shadow (D:15)
  A wyvern (D:9)
  A yak (Lair:6)
  A yak (shapeshifter) (D:14)
  A centaur (D:9)
  A slave (D:7)
  A killer bee (D:8)
  A quasit (D:7)
  A gnoll (D:8)
  3 orcs
  A goblin (D:13)
  4 kobolds (Bailey)
  10 fungi
  6 plants
38 creatures vanquished.

Grand Total: 712 creatures vanquished

Notes
Turn   | Place    | Note
-------+----------+-------------------------------------------
     0 | D:1      | Mrkan the Troll Monk began the quest for the Orb.
     0 | D:1      | Reached XP level 1. HP: 22/22 MP: 0/0
   216 | D:1      | Reached XP level 2. HP: 23/29 MP: 1/1
   891 | D:2      | Reached XP level 3. HP: 35/36 MP: 2/2
   934 | D:2      | Found a faded altar of an unknown god.
   959 | D:2      | Became a worshipper of Ru the Awakened
   964 | D:2      | Gained mutation: You are slightly vulnerable to magic.
                  | (MR-) [Ru sacrifice]
   964 | D:2      | Reached * piety under Ru
  1106 | D:2      | Noticed an earth elemental
  1108 | D:2      | Noticed a fire elemental
  1112 | D:2      | Found a stormy altar of Qazlal.
  1135 | D:2      | Noticed a water elemental
  1135 | D:2      | Noticed an air elemental
  1503 | D:3      | Reached XP level 4. HP: 45/45 MP: 3/3
  1614 | D:3      | Noticed Natasha
  1623 | D:3      | Killed Natasha
  1623 | D:3      | Reached skill level 5 in Unarmed Combat
  1623 | D:3      | Reached XP level 5. HP: 53/53 MP: 4/4
  1945 | D:3      | Noticed Natasha
  1953 | D:3      | Killed Natasha
  2110 | D:4      | Found a sacrificial altar of Ru.
  2120 | D:4      | Found a white marble altar of Elyvilon.
  2161 | D:4      | Noticed Menkaure
  2170 | D:4      | Killed Menkaure
  2170 | D:4      | Reached XP level 6. HP: 51/62 MP: 5/5
  2332 | D:4      | Reached XP level 7. HP: 39/70 MP: 6/6
  2407 | D:4      | Gained mutation: You cannot study or cast Air magic. [Ru
                  | sacrifice]
  2407 | D:4      | Gained mutation: You cannot study or cast Hexes magic. [Ru
                  | sacrifice]
  2407 | D:4      | Gained mutation: You cannot study or cast Conjurations
                  | magic. [Ru sacrifice]
  2407 | D:4      | Reached ** piety under Ru
  2663 | D:4      | Reached skill level 1 in Shields
  2715 | D:4      | Found a glowing golden altar of the Shining One.
  2950 | D:4      | Got an ominously black robe
  3092 | D:4      | Identified the +4 robe of the Sea {-Tele rElec Str+3 Dex+6}
                  | (You found it on level 4 of the Dungeon)
  3118 | D:5      | Entered Level 5 of the Dungeon
  3252 | D:5      | Reached skill level 5 in Fighting
  3252 | D:5      | Reached skill level 2 in Shields
  3253 | D:5      | Noticed Dowan
  3254 | D:5      | Noticed Duvessa
  3262 | D:5      | Killed Dowan
  3262 | D:5      | Reached XP level 8. HP: 76/80 MP: 7/7
  3270 | D:5      | Killed Duvessa
  3373 | D:5      | Reached skill level 3 in Shields
  3459 | D:5      | Found Juemam's Assorted Antiques.
  3521 | D:5      | Noticed Blork the orc
  3543 | D:5      | Killed Blork the orc
  3714 | D:5      | Gained mutation: You cannot study or use magical devices.
                  | [Ru sacrifice]
  3714 | D:5      | Reached *** piety under Ru
  3714 | D:5      | Reached **** piety under Ru
  3768 | D:5      | Noticed Prince Ribbit
  3805 | D:5      | Killed Prince Ribbit
  3805 | D:5      | Reached skill level 4 in Shields
  3990 | D:6      | Found Kaocoj's Antique Weapon Shop.
  4000 | D:6      | Reached XP level 9. HP: 67/89 MP: 8/8
  4055 | D:6      | Found a sand-covered staircase.
  4063 | Ossuary  | Entered an ossuary
  4111 | Ossuary  | Reached skill level 5 in Shields
  4399 | D:6      | Found Nupseu's Distillery.
  4465 | D:6      | Bought a potion of heal wounds for 70 gold pieces
  4465 | D:6      | Bought a potion of heal wounds for 70 gold pieces
  4465 | D:6      | Bought 3 potions of curing for 126 gold pieces
  4580 | D:6      | Found Soneip Odd's Antique Weapon Boutique.
  4638 | D:6      | Reached skill level 6 in Shields
  4792 | D:6      | Found a staircase to the Ecumenical Temple.
  5094 | D:7      | Noticed Joseph
  5136 | D:7      | Found a bloodstained altar of Trog.
  5186 | D:7      | Noticed Pikel
  5269 | D:7      | Killed Pikel
  5269 | D:7      | Reached skill level 7 in Shields
  5406 | D:7      | Killed Joseph
  5406 | D:7      | Reached XP level 10. HP: 81/102 MP: 9/9
  6122 | D:8      | Reached skill level 8 in Shields
  6618 | D:8      | Reached skill level 9 in Shields
  7186 | D:9      | Noticed a two-headed ogre
  7201 | D:9      | Killed a two-headed ogre
  7248 | D:9      | Noticed a two-headed ogre
  7264 | D:9      | Killed a two-headed ogre
  7264 | D:9      | Reached skill level 1 in Throwing
  7379 | D:9      | Reached XP level 11. HP: 103/111 MP: 10/10
  7380 | D:9      | Reached skill level 10 in Shields
  7642 | D:9      | Found a blossoming altar of Fedhas.
  7782 | D:9      | Found a burning altar of Makhleb.
  8037 | D:9      | Found a shimmering blue altar of Sif Muna.
  8037 | D:9      | Found a snail-covered altar of Cheibriados.
  8062 | D:10     | Entered Level 10 of the Dungeon
  8123 | D:10     | Gained mutation: You are partially covered in iridescent
                  | scales. (AC +2) [potion of mutation]
  8123 | D:10     | Gained mutation: You are resistant to electric shocks.
                  | (rElec) [potion of mutation]
  8232 | D:10     | Noticed a death yak
  8233 | D:10     | Noticed a death yak
  8233 | D:10     | Noticed a death yak
  8235 | D:10     | Found a staircase to the Lair.
  8255 | D:10     | Killed a death yak
  8262 | D:10     | Killed a death yak
  8269 | D:10     | Killed a death yak
  8435 | D:10     | Noticed a two-headed ogre
  8447 | D:10     | Killed a two-headed ogre
  8447 | D:10     | Reached skill level 5 in Throwing
  8827 | D:10     | Noticed an unseen horror
  8830 | D:10     | Killed an unseen horror
  8830 | D:10     | Reached skill level 11 in Shields
  9181 | D:11     | Found a runed translucent door.
  9181 | D:11     | Found a runed translucent door.
  9181 | D:11     | Noticed a centaur warrior
  9223 | D:11     | Noticed a two-headed ogre
  9252 | D:11     | Killed a two-headed ogre
  9277 | D:11     | Killed an unseen horror
  9281 | D:11     | Reached XP level 12. HP: 89/119 MP: 11/11
  9282 | D:11     | Gained mutation: You cannot be stealthy. [Ru sacrifice]
  9282 | D:11     | Reached ***** piety under Ru
  9392 | D:11     | Got a brightly glowing golden ring
  9395 | D:11     | Got a scintillating glass ring
  9407 | D:11     | Got a clouded silver ring
  9421 | D:11     | Got a twitching amethyst amulet
  9500 | D:11     | Found a bloodstained altar of Trog.
  9608 | D:11     | Found a frozen archway.
  9616 | D:11     | Identified the ring "Wis Rava" {*Contam rCorr Int+5 Slay+4}
                  | (You found it on level 11 of the Dungeon)
  9618 | D:11     | Identified the ring of Imuovue {*Corrode rPois MR- Str+6
                  | Int+4 Slay+6} (You found it on level 11 of the Dungeon)
  9619 | D:11     | Identified the amulet "Becsye" {RegenMP MR+ Dex+5} (You
                  | found it on level 11 of the Dungeon)
  9621 | D:11     | Identified the ring "Qeikkarph" {*Contam rC+ Str+4 Int+7}
                  | (You found it on level 11 of the Dungeon)
  9624 | IceCv    | Entered an ice cave
  9795 | IceCv    | Reached skill level 12 in Shields
  9978 | IceCv    | Found the +4 robe of Augmentation {Str+4 Int+4 Dex+4}
 10003 | IceCv    | Got an ichor-stained broad axe
 10665 | D:12     | Found a roughly hewn altar of Beogh.
 10665 | D:12     | Found a staircase to the Orcish Mines.
 10832 | D:12     | Noticed a two-headed ogre
 10845 | D:12     | Killed a two-headed ogre
 11123 | D:13     | Identified Yburph's Collected Works on Mutagenic
                  | Orientation
 11209 | D:13     | Noticed a tengu warrior
 11258 | D:13     | Killed a tengu warrior
 11258 | D:13     | Reached XP level 13. HP: 109/127 MP: 12/12
 11576 | D:13     | Found a runed translucent gate.
 11576 | D:13     | Found a runed translucent gate.
 11578 | D:13     | Found a runed translucent gate.
 11581 | D:13     | Noticed Wemm's ghost (journeyman SpEn)
 11641 | D:13     | Found a flagged portal.
 11654 | Bailey   | Entered a bailey
 11699 | Bailey   | Reached skill level 10 in Throwing
 11734 | Bailey   | Found the +15 Maxwell's patent armour {-Cast -Tele rElec
                  | MR+ rCorr}
 11850 | D:13     | Reached skill level 13 in Shields
 12271 | D:14     | Found a gate to the Vaults.
 12628 | D:14     | Found Qaagof's Jewellery Boutique.
 12865 | D:15     | Entered Level 15 of the Dungeon
 13008 | D:15     | Reached skill level 14 in Shields
 13012 | D:15     | Noticed an ettin
 13278 | Lair:1   | Entered Level 1 of the Lair of Beasts
 13366 | Lair:1   | You fall into a shaft and drop 1 floor!
 13631 | Lair:1   | Noticed Harold
 13642 | Lair:1   | Killed Harold
 14407 | Lair:2   | Reached XP level 14. HP: 71/136 MP: 13/13
 14705 | Lair:2   | Gained mutation: You take slightly more damage. (AC -5) [Ru
                  | sacrifice]
 14705 | Lair:2   | Reached ****** piety under Ru
 15037 | Lair:2   | Found a runed translucent gate.
 15037 | Lair:2   | Found a runed translucent gate.
 15038 | Lair:2   | Found a runed translucent gate.
 15038 | Lair:2   | Noticed Wuvuatt's ghost (journeyman MiBe)
 15245 | Lair:3   | Reached skill level 15 in Shields
 15512 | Lair:3   | Found a staircase to the Shoals.
 15521 | Lair:3   | Found a hole to the Spider Nest.
 16226 | Lair:4   | Noticed Snorg
 16237 | Lair:4   | Killed Snorg
 16630 | Lair:5   | Noticed Nessos
 16648 | Lair:5   | Killed Nessos
 17187 | Lair:5   | Found a large runed translucent door.
 17187 | Lair:5   | Found a large runed translucent door.
 17188 | Lair:5   | Noticed Zimaveycw's ghost (journeyman OpFi)
 17206 | Lair:5   | Killed Zimaveycw's ghost
 17213 | Lair:5   | Got a heavily jewelled robe
 17228 | Lair:5   | Found a staircase to the Slime Pits.
 17596 | Lair:6   | Entered Level 6 of the Lair of Beasts
 17635 | Lair:6   | Reached skill level 10 in Unarmed Combat
 17667 | Lair:5   | HP: 7/140 [poisoned by a black mamba]
 17673 | Lair:5   | HP: 7/140 [poisoned by a black mamba]
 18296 | Lair:6   | Reached skill level 10 in Fighting
 18695 | Lair:6   | Reached XP level 15. HP: 61/150 MP: 14/14
 19021 | Lair:6   | Identified the +7 broad axe "Iroakk" {protect, +Fly rF-
                  | rN+} (You found it in an ice cave)
 19022 | Lair:6   | Identified the +1 robe of Diageng {+Inv Str+2 Int+5 Dex+4}
                  | (You found it on level 5 of the Lair of Beasts)
 19235 | Lair:6   | Got a crude morningstar
 19272 | Lair:6   | Learned a level 1 spell: Infusion
 19366 | Lair:6   | Learned a level 2 spell: Song of Slaying
 19646 | Orc:1    | Entered Level 1 of the Orcish Mines
 19804 | Orc:2    | Entered Level 2 of the Orcish Mines
 19879 | Orc:2    | HP: 3/152 [sun demon[an orc high priest] (27)]
 19879 | Orc:2    | Slain by a sun demon

Levels and vault maps discovered:
D:1:      dpeg_arrival_three_same_balls, layout_basic, grunt_decor_mini_mirrors,
          minmay_distorted
D:2:      layout_basic, nicolae_qazlal_style_of_elements,
          chequers_ecumenical_altar_simple_redux
D:3:      layout_loops_ring, uniq_natasha
D:4:      layout_basic, kennysheep_mini, overflow_temple_1_default,
          first_ration, elyvilon_altar_4, uniq_ijyb, uniq_menkaure
D:5:      layout_cave_pods, serial_shops, nicolae_shop_crystal,
          uniq_blork_the_orc, uniq_prince_ribbit1, uniq_duvessa
D:6:      layout_basic, minmay_temple_entry_enclosed_plants, serial_shops,
          shop_fountains, shop, shop, nicolae_ossuary_entry_giza,
          small_statue_intersection
D:7:      layout_basic, old_standard_altar, uniq_pikel, uniq_joseph
D:8:      layout_loops_corners, david_nohive_1
D:9:      layout_roguey, makhleb_heckhound_becter, fedhas_altar_fruit_tree,
          gammafunk_temple_overflow_wave
D:10:     layout_basic, dpeg_lair_monsters
D:11:     minmay_the_grid_triangle_9x9_line_8_mashed
          [minmay_the_grid_triangle_9x9_minimal,
          minmay_the_grid_triangle_9x9_sprig,
          minmay_the_grid_triangle_9x9_tough_junction,
          minmay_the_grid_triangle_9x9_warning,
          minmay_the_grid_triangle_9x9_alien,
          minmay_the_grid_triangle_9x9_empty,
          minmay_the_grid_triangle_9x9_pentomino_pain,
          minmay_the_grid_triangle_9x9_prize_special], layout_cross,
          portal_ice_cave_demonic_guard, trog_ov_bears_minmay
D:12:     layout_cave_pools, david_orc_5, minmay_orc_keep
D:13:     layout_layer_cave, gammafunk_ghost_spectres, enter_bailey_3
D:14:     layout_basic, lightli_vaults_fourway_checkpoint, serial_shops,
          nicolae_shop_waterfront, chequers_mini_garden
D:15:     hangedman_depths_entry_civil_slaughter, layout_basic, minivault_24,
          minmay_fractal_squares_5
Lair:1:   layout_gridlike, nicolae_quartered_pool_super,
          infiniplex_staircase_pool, lemuel_fruit_fields, uniq_harold
Lair:2:   layout_hall_layers, gammafunk_ghost_necromancy,
          kennysheep_abandoned_house
Lair:3:   layout_cave_shapes, shoals_dummy_entry,
          nicolae_spider_entry_non_spiders, grunt_megastairs_1
Lair:4:   layout_cave_shapes, grunt_megastairs_3, infiniplex_staircase_pool_2,
          uniq_snorg
Lair:5:   layout_roguey, minmay_slime_entry_pillars,
          ebering_ghost_disaster_area, chequers_serial_rivers_micro_d,
          serial_bayou_lake_a, uniq_nessos
Lair:6:   evilmike_catoblepas_cave, layout_regular_city, gauntlet_entry_generic,
          st_stairs_9, minmay_lair_oklob_chamber
Orc:1:    layout_diamond_mine, led_sif_book
Orc:2:    st_orc_ogre_mass, layout_diamond_mine, guppyfry_orc_lava_fort
